 Dungeon Crawl Stone Soup version 0.22-a0-525-gf69a080 (webtiles) character file.

67291 nikopol the Severer (level 14, -1/193 HPs)
             Began as a Minotaur Berserker on June 21, 2018.
             Was the Champion of Trog.
             Killed from afar by a raiju (13 damage)
             ... with a living lightning
             ... on level 2 of the Abyss.
             The game lasted 00:48:36 (19869 turns).

nikopol the Severer (Minotaur Berserker)           Turns: 19869, Time: 00:48:37

Health: -1/193     AC: 11    Str: 35    XL:     14   Next: 82%
Magic:  13/13      EV: 14    Int:  4    God:    Trog [******]
Gold:   1056       SH: 14    Dex:  9    Spells: 13/13 levels left

rFire    + . .     SeeInvis .   M - +3 broad axe "Oskyokh" {drain, +Rage rC+ rN+ Str+2}
rCold    + . .     Gourm    .   N - +0 shield
rNeg     + . .     Faith    .   r - +0 scale mail
rPois    .         Spirit   .   C - +1 hat
rElec    .         Reflect  .   (no cloak)
rCorr    .         Harm     .   E - +0 pair of gloves
MR       +....                  (no boots)
Stlth    ..........             x - amulet of the acrobat
HPRegen  0.42/turn              y - ring of protection from fire
MPRegen  0.13/turn              (no ring)

@: berserking, wreathed by umbra, very quick
A: retaliatory headbutt, horns 2
a: Berserk, Trog's Hand, Brothers in Arms, Renounce Religion, Evoke Berserk Rage


You were on level 2 of the Abyss.
You worshipped Trog.
Trog was exalted by your worship.
You were not hungry.

You visited 2 branches of the dungeon, and saw 15 of its levels.
You visited the Abyss 2 times.

You collected 1414 gold pieces.
You spent 358 gold pieces at shops.

Inventory:

Hand Weapons
 p - a +2 broad axe of freezing
 D - a +2 hand axe of freezing
 M - the +3 broad axe "Oskyokh" (weapon) {drain, +Rage rC+ rN+ Str+2}
   (Trog gifted it to you on level 1 of the Lair of Beasts)

   A truly terrible weapon, it drains the life of those it strikes.
   It affects your strength (+2).
   It protects you from cold.
   It protects you from negative energy.
   It lets you go berserk.
 O - a +1 antimagic broad axe
Missiles
 G - 23 tomahawks (quivered)
 J - 6 javelins of penetration
Armour
 r - a +0 scale mail (worn)
 C - a +1 hat (worn)
 E - a +0 pair of gloves (worn)
 N - a +0 shield (worn)
Jewellery
 x - an amulet of the acrobat (around neck)
 y - a ring of protection from fire (left hand)
Wands
 a - a wand of clouds (5)
 q - a wand of random effects (126)
 t - a wand of flame (56)
 B - a wand of digging (23)
Scrolls
 b - a scroll of enchant weapon
 d - 4 scrolls of teleportation
 g - 3 scrolls of blinking
 i - 5 scrolls of fear
 l - 9 scrolls of remove curse
 u - 2 scrolls of magic mapping
 w - a scroll of immolation {unknown}
 I - 2 scrolls of fog
 L - 5 scrolls of enchant armour
Potions
 f - a potion of brilliance
 h - 2 potions of invisibility
 j - a potion of cancellation
 k - 6 potions of flight
 m - 3 potions of curing
 n - a potion of berserk rage
 s - 4 potions of agility
 v - 3 potions of heal wounds
 z - 2 potions of lignification
 A - 2 potions of ambrosia
 H - 3 potions of magic
 K - 2 potions of might
 P - a potion of resistance
Comestibles
 c - 22 rations


   Skills:
 + Level 13.0 Fighting
 * Level 19.7 Axes
 + Level 0.2 Throwing
 + Level 11.6 Armour
 + Level 8.8 Dodging
 + Level 3.3 Stealth
 * Level 12.6 Shields


You had 13 spell levels left.
You didn't know any spells.
Your spell library was empty.

Dungeon Overview and Level Annotations

Branches:
Dungeon (9/15)             Temple (0/1) D:6            Lair (6/6) D:8
 Shoals (0/4) Lair:4       Spider (0/4) Lair:4        Slime (0/5) Lair:5
    Orc: D:9-12

Altars:
Elyvilon
Makhleb
Ru
Sif Muna
Vehumet
Xom
Zin
The Shining One

Shops:
D:4 *   D:5 [   D:8 *   D:9 !}

Portals:
Hell: Lair:6

Annotations:
D:3 3 runed doors, Enish's ghost, amateur NaCK


Innate Abilities, Weirdness & Mutations

You reflexively headbutt those who attack you in melee.
You have a pair of horns on your head.


Message History

You block the tentacled starspawn's attack. x2
You slice the tentacled starspawn like a ripe choko!!!
Your headbutt misses the tentacled starspawn.
The tentacled starspawn is almost destroyed.
You slice the starspawn tentacle like a ripe choko!!!
You destroy the starspawn tentacle!
You destroy the tentacled starspawn!
Trog accepts your kill.
The starspawn's tentacles wither and die.
You slash the profane servitor!
A raiju comes into view.
You slice the profane servitor!!
Your headbutt misses the profane servitor.
The profane servitor is moderately damaged.
The profane servitor hits you but does no damage.
The profane servitor hits you with an enchanted whip!
* * * LOW HITPOINT WARNING * * *
The raiju bursts into living lightning!
The living lightning misses the profane servitor.
The living lightning misses you. The living lightning hits you!
You die...

. . # .
###. . ...
. h.###.♣
h......
###h......
#.#A......
#.@.#
#.#.......
###.#....#
.# .....
.#. .#. #.
# ##


You could see a profane servitor and 3 raiju.

Vanquished Creatures
  A tentacled starspawn (Abyss:2)
  A shadow dragon (Abyss:2)
  A deep elf sorcerer (Abyss:2)
  A draconian scorcher (Abyss:2)
  Nessos (Lair:4)
  A green death (Abyss:2)
  10 hydras
  Fannar (Lair:2)
  Harold (Lair:1)
  A two-headed ogre (D:8)
  10 death yaks
  A queen ant (Lair:2)
  A sun demon (Lair:6)
  2 hell knights
  A spatial maelstrom (Abyss:2)
  A lindwurm (Lair:3)
  Pikel (D:7)
  A necromancer (Abyss:2)
  An orb spider (Lair:4)
  An oklob plant (Lair:1)
  A slime creature (Lair:5)
  An ugly thing (D:9)
  An apocalypse crab (Abyss:2)
  3 black mambas
  A merfolk siren (Lair:4)
  A smoke demon (Abyss:2)
  2 orange demons (Lair:6)
  15 spiny frogs
  11 rime drakes
  A hellwing (Lair:6)
  6 komodo dragons
  2 ancient zymes (Abyss:2)
  2 ice devils (Lair:6)
  A red devil (Lair:6)
  3 polar bears
  3 hornets (Lair:4)
  A troll (D:9)
  8 blink frogs
  11 hippogriffs
  3 large abominations (Abyss:2)
  A raiju (Abyss:2)
  6 dream sheep (Lair:5)
  13 spriggans
  6 basilisks
  5 wyverns
  Eustachio (D:4)
  A steam dragon (D:8)
  26 yaks
  A human (D:9)
  4 hogs (D:9)
  Menkaure (D:4)
  Edmund (D:4)
  7 soldier ants
  18 water moccasins
  A spiny frog zombie (Abyss:2)
  6 hell hounds
  11 porcupines
  3 orc warriors
  2 sky beasts (D:7)
  A slave (D:7)
  3 black bears
  An ice beast (D:8)
  A necrophage (D:7)
  2 ogres
  7 boggarts (Lair:4)
  3 small abominations (Abyss:2)
  7 centaurs
  14 wolves
  10 crocodiles
  2 big kobolds (D:9)
  A gnoll sergeant (D:8)
  7 bullfrogs
  4 scorpions
  8 wights
  An electric eel (Lair:2)
  2 howler monkeys
  4 crimson imps
  3 jellies
  4 orc priests
  2 centaur skeletons
  2 hounds
  A bullfrog skeleton (D:6)
  An iron imp (Abyss:2)
  Jessica (D:2)
  3 iguanas (D:9)
  Ijyb (D:4)
  8 orc wizards
  30 worker ants
  A killer bee zombie (D:9)
  A hound zombie (D:6)
  A howler monkey zombie (D:7)
  3 gnolls (D:8)
  9 adders
  2 ufetubi (Abyss:2)
  An adder skeleton (D:4)
  3 dart slugs
  6 leopard geckos
  23 orcs
  9 bats
  5 giant cockroaches
  4 goblins
  6 hobgoblins
  19 jackals
  8 frilled lizards
  14 kobolds
  A quokka skeleton (D:4)
  7 rats
  7 fungi
  A lurking horror (Abyss:2)
  2 plants
  A starspawn tentacle (Abyss:2)
498 creatures vanquished.

Vanquished Creatures (others)
  An adder (D:7)
  27 fungi
  6 plants
  A starspawn tentacle (Abyss:2)
35 creatures vanquished.

Grand Total: 533 creatures vanquished

Notes
Turn   | Place    | Note
-------+----------+-------------------------------------------
     0 | D:1      | nikopol the Minotaur Berserker began the quest for the Orb.
     0 | D:1      | Reached XP level 1. HP: 19/19 MP: 0/0
    49 | D:1      | Reached XP level 2. HP: 20/27 MP: 1/1
   115 | D:1      | Reached skill level 4 in Axes
   423 | D:2      | Reached ** piety under Trog
   491 | D:2      | Reached XP level 3. HP: 27/33 MP: 2/2
  1024 | D:2      | Noticed Jessica
  1028 | D:2      | Killed Jessica
  1028 | D:2      | Reached XP level 4. HP: 41/41 MP: 3/3
  1344 | D:3      | HP: 2/41 [poisoned by an adder]
  1745 | D:3      | Found a white marble altar of Elyvilon.
  2004 | D:3      | Found a runed gate.
  2005 | D:3      | Found a runed gate.
  2015 | D:3      | Found a runed gate.
  2016 | D:3      | Noticed Enish's ghost (amateur NaCK)
  2048 | D:3      | Found a radiant altar of Vehumet.
  2174 | D:4      | Noticed Menkaure
  2180 | D:4      | Killed Menkaure
  2180 | D:4      | Reached skill level 5 in Axes
  2180 | D:4      | Reached XP level 5. HP: 28/47 MP: 4/4
  2280 | D:4      | Reached skill level 5 in Fighting
  2280 | D:4      | Reached XP level 6. HP: 38/56 MP: 5/5
  2365 | D:4      | Noticed Eustachio
  2402 | D:4      | Killed Eustachio
  2402 | D:4      | Reached skill level 6 in Axes
  2402 | D:4      | Reached skill level 1 in Stealth
  2481 | D:4      | Reached skill level 1 in Shields
  2484 | D:4      | Reached *** piety under Trog
  2484 | D:4      | Reached XP level 7. HP: 46/61 MP: 6/6
  2659 | D:4      | Noticed Ijyb
  2667 | D:4      | Killed Ijyb
  2772 | D:4      | Noticed Edmund
  2774 | D:4      | Found a shimmering altar of Xom.
  2780 | D:4      | Killed Edmund
  2941 | D:4      | Reached skill level 5 in Dodging
  3031 | D:4      | Found Nuryqec's Serpentskin Sales.
  3037 | D:4      | Reached skill level 7 in Axes
  3039 | D:4      | Reached skill level 5 in Armour
  3268 | D:5      | Entered Level 5 of the Dungeon
  3303 | D:5      | Reached XP level 8. HP: 70/70 MP: 7/7
  3627 | D:5      | Reached skill level 8 in Axes
  3778 | D:5      | Found Atijipn's Armour Emporium.
  3787 | D:5      | Bought a +1 hat for 154 gold pieces
  4121 | D:6      | Reached skill level 9 in Axes
  4352 | D:6      | Found a staircase to the Ecumenical Temple.
  4607 | D:7      | Reached **** piety under Trog
  4742 | D:7      | Reached XP level 9. HP: 64/75 MP: 8/8
  4793 | D:7      | Reached skill level 10 in Axes
  4840 | D:7      | Found a glowing silver altar of Zin.
  5157 | D:7      | Noticed Pikel
  5181 | D:7      | Killed Pikel
  5227 | D:7      | Reached skill level 11 in Axes
  5311 | D:7      | Reached skill level 5 in Shields
  5885 | D:8      | Found a staircase to the Lair.
  5902 | D:8      | Reached skill level 12 in Axes
  5902 | D:8      | Reached XP level 10. HP: 79/84 MP: 9/9
  6383 | D:8      | Found Kewos's General Store.
  6477 | D:8      | Noticed a two-headed ogre
  6482 | D:8      | Killed a two-headed ogre
  6500 | D:8      | Found a sacrificial altar of Ru.
  7454 | D:9      | Reached skill level 13 in Axes
  7639 | D:9      | Found Xobaemum's Distillery.
  7654 | D:9      | Bought a potion of might for 68 gold pieces
  7654 | D:9      | Bought a potion of curing for 51 gold pieces
  7654 | D:9      | Bought a potion of heal wounds for 85 gold pieces
  7760 | D:9      | Received a gift from Trog
  8086 | D:9      | Noticed a green ugly thing
  8093 | D:9      | Killed a green ugly thing
  8114 | D:9      | Found Esefuqe's Gadget Emporium.
  8157 | D:9      | Found a glowing golden altar of the Shining One.
  8161 | D:9      | Found a deep blue altar of Sif Muna.
  8237 | D:9      | Reached XP level 11. HP: 71/94 MP: 10/10
  8249 | D:9      | Reached ***** piety under Trog
  8388 | Lair:1   | Entered Level 1 of the Lair of Beasts
  8408 | Lair:1   | Received a gift from Trog
  8409 | Lair:1   | Got a bone broad axe {god gift}
  8410 | Lair:1   | Identified the +3 broad axe "Oskyokh" {drain, +Rage rC+ rN+ Str+2} (Trog gifted it to you on level 1 of the Lair of Beasts)
  8718 | Lair:1   | Noticed Harold
  8726 | Lair:1   | Killed Harold
  8726 | Lair:1   | Reached skill level 14 in Axes
  8940 | Lair:1   | Noticed an oklob plant
  8956 | Lair:1   | Killed an oklob plant
  9191 | Lair:2   | Noticed a five-headed hydra
  9198 | Lair:2   | Killed an eight-headed hydra
 10077 | Lair:2   | Reached skill level 15 in Axes
 10223 | Lair:2   | Noticed Fannar
 10233 | Lair:2   | Killed Fannar
 10332 | Lair:2   | Noticed a queen ant
 10362 | Lair:2   | Killed a queen ant
 10362 | Lair:2   | Reached XP level 12. HP: 67/104 MP: 11/11
 11243 | Lair:3   | Noticed an eight-headed hydra
 11262 | Lair:3   | Killed an 11-headed hydra
 11270 | Lair:3   | Reached skill level 16 in Axes
 11271 | Lair:3   | Reached skill level 10 in Armour
 11537 | Lair:3   | Received a gift from Trog
 12248 | Lair:4   | Noticed a five-headed hydra
 12446 | Lair:4   | Reached skill level 17 in Axes
 12448 | Lair:4   | Noticed Nessos
 12477 | Lair:4   | Killed Nessos
 12477 | Lair:4   | Reached skill level 10 in Fighting
 12482 | Lair:4   | HP: 5/106 [poisoned by Nessos]
 12487 | Lair:4   | HP: 3/106 [poisoned by Nessos]
 12492 | Lair:4   | HP: 2/106 [poisoned by Nessos]
 12500 | Lair:4   | HP: 2/106 [poisoned by Nessos]
 12989 | Lair:4   | Noticed a death yak
 12989 | Lair:4   | Noticed a death yak
 12990 | Lair:4   | Noticed a death yak
 13000 | Lair:4   | Killed a death yak
 13003 | Lair:4   | Killed a death yak
 13004 | Lair:4   | Killed a death yak
 13004 | Lair:4   | Reached XP level 13. HP: 114/114 MP: 12/12
 13546 | Lair:4   | Found a staircase to the Shoals.
 13586 | Lair:4   | Found a hole to the Spider Nest.
 13941 | Lair:4   | Reached skill level 10 in Shields
 14266 | Lair:4   | Reached skill level 18 in Axes
 15352 | Lair:5   | Received a gift from Trog
 15464 | Lair:5   | Found a staircase to the Slime Pits.
 15986 | Lair:3   | Reached ****** piety under Trog
 16748 | Lair:6   | Entered Level 6 of the Lair of Beasts
 16754 | Lair:6   | Received a gift from Trog
 17478 | Lair:6   | Reached XP level 14. HP: 125/125 MP: 13/13
 17826 | Lair:6   | Reached skill level 19 in Axes
 18492 | Lair:6   | Cast into level 2 of the Abyss (a wizard)
 18524 | Abyss:2  | Noticed a deep elf sorcerer
 18534 | Abyss:2  | Killed a deep elf sorcerer
 18662 | Abyss:2  | Found a corrupted altar of Lugonu.
 18674 | Abyss:2  | Noticed a black draconian scorcher
 18685 | Abyss:2  | Killed a black draconian scorcher
 18705 | Abyss:2  | Noticed a shadow dragon
 18738 | Abyss:2  | HP: 3/190 [shadow dragon/bolt of negative energy (20)]
 18740 | Abyss:2  | Killed a shadow dragon
 18944 | Lair:6   | Escaped the Abyss
 19294 | Lair:6   | Found a burning altar of Makhleb.
 19314 | Lair:6   | Received a gift from Trog
 19507 | Lair:6   | Found a gateway to Hell.
 19580 | Lair:6   | Cast into level 2 of the Abyss (a wizard)
 19860 | Abyss:2  | Noticed a tentacled starspawn
 19861 | Abyss:2  | Noticed a profane servitor
 19868 | Abyss:2  | Killed a tentacled starspawn
 19869 | Abyss:2  | Killed from afar by a raiju

Vault maps used:
D:1:      erik_arrival_blinker_ship
D:2:      first_ration, uniq_jessica
D:3:      lemuel_round_altar, lemuel_round_altar, gammafunk_ghost_necromancy
D:4:      nicolae_overflow_crystal_walls, guppyfry_shop_venom, uniq_eustachio,
          uniq_edmund, uniq_ijyb, uniq_menkaure
D:5:      serial_shops, shop
D:6:      minmay_temple_entry_purple_smoke
D:7:      nicolae_overflow_hidden_temple, uniq_pikel
D:8:      nicolae_ru_sacrificial_ziggurat, minmay_lair_entry_lava, serial_shops,
          shop
D:9:      gammafunk_temple_overflow_statue, serial_shops,
          nicolae_shop_waterfront, shop, grunt_livestock
Lair:1:   minivault_19, serial_bayou_pond_c, minmay_lair_oklob_chamber,
          uniq_harold
Lair:2:   zaba_antful_of_joy, infiniplex_staircase_pool, lemuel_fruit_tree,
          uniq_fannar
Lair:3:   forest_entry_grove, grunt_megastairs_2, serial_bayou_shore_b
Lair:4:   kb_forest_paths, minmay_shoals_entry_lonely_mermaid,
          nicolae_spider_entry_orb_guardian, special_room,
          kilobyte_rumbling_trees, uniq_nessos
Lair:5:   minmay_slime_entry_pillars
Lair:6:   evil_forest

Skill      XL: |  1  2  3  4  5  6  7  8  9 10 11 12 13 14 |
---------------+-------------------------------------------+-----
Axes           | 4 5 6 7 9 12 13 15 17 18 19 | 19.7
Fighting       | 4 5 6 7 9 10 11 13 | 13.0
Dodging        | 3 4 5 6 7 8 |  8.8
Armour         | 3 5 6 7 9 10 11 | 11.6
Stealth        | 1 2 3 |  3.3
Shields        | 1 3 5 6 8 9 11 12 | 12.6
Throwing       | |  0.2

Action                   |  1- 3 |  4- 6 |  7- 9 | 10-12 | 13-15 || total
-------------------------+-------+-------+-------+-------+-------++-------
Melee: Hand axe          |    89 |    64 |   114 |   248 |       ||   515
       Headbutt          |     9 |    16 |    45 |   122 |   124 ||   316
       War axe           |       |       |   149 |       |       ||   149
       Broad axe         |       |       |       |   330 |   521 ||   851
Throw: Tomahawk          |       |       |       |     2 |     2 ||     4
Invok: Berserk           |       |     4 |     4 |    13 |    12 ||    33
  Use: Scroll            |       |       |       |    14 |    10 ||    24
       Potion            |       |       |       |     3 |     2 ||     5
 Stab: Distracted        |       |     1 |       |     1 |       ||     2
  Eat: Chunk             |       |     7 |    13 |    25 |    16 ||    61
       Ration            |       |       |     1 |     2 |     6 ||     9
Armor: Animal skin       |    16 |     3 |       |       |       ||    19
       Scale mail        |       |    24 |    70 |   138 |    85 ||   317
Dodge: Dodged            |    74 |    39 |   145 |   275 |   219 ||   752
Block: Buckler           |     1 |     9 |    22 |   101 |    47 ||   180
       Shield            |       |       |       |       |   114 ||   114

Table legend:
 A = Spawn XP
 B = Non-spawn XP
 C = Spawn XP percentage of total XP
 D = Spawn monster count
 E = Non-spawn monster count
 F = Spawn count percentage of total count
 G = Total turns spent on level
                    A         B        C        D         E        F      G
               +---------+---------+-------+---------+---------+-------+---------
         Total |   11975 |   84155 |  12.5 |      17 |     469 |   3.5 | 19869
               +---------+---------+-------+---------+---------+-------+---------
           D:1 |       0 |      36 |   0.0 |       0 |      22 |   0.0 |   415
           D:2 |       0 |      70 |   0.0 |       0 |      20 |   0.0 |   820
           D:3 |       0 |      35 |   0.0 |       0 |      14 |   0.0 |   908
           D:4 |       0 |    1233 |   0.0 |       0 |      31 |   0.0 |  1125
           D:5 |       0 |     400 |   0.0 |       0 |      15 |   0.0 |   629
           D:6 |       0 |     755 |   0.0 |       0 |      13 |   0.0 |   816
           D:7 |       0 |    2685 |   0.0 |       0 |      31 |   0.0 |  1026
           D:8 |       0 |    2107 |   0.0 |       0 |      26 |   0.0 |  1314
           D:9 |       0 |    4113 |   0.0 |       0 |      41 |   0.0 |  1359
        Lair:1 |       0 |    4558 |   0.0 |       0 |      18 |   0.0 |   787
        Lair:2 |       0 |    7615 |   0.0 |       0 |      47 |   0.0 |  2113
        Lair:3 |       0 |    6530 |   0.0 |       0 |      29 |   0.0 |  1093
        Lair:4 |       0 |   22307 |   0.0 |       0 |      77 |   0.0 |  3019
        Lair:5 |       0 |    8649 |   0.0 |       0 |      30 |   0.0 |  1324
        Lair:6 |     765 |   20262 |   3.6 |       1 |      48 |   2.0 |  2380
       Abyss:2 |   11210 |    2800 |  80.0 |      16 |       7 |  69.6 |   741
               +---------+---------+-------+---------+---------+-------+---------
